 Dungeon Sprint DCSS version 0.27-a0-93-g19769c27d7 (webtiles) character file.

Game seed: 3879408780658206460

144 rocky1 the Fighter (level 5, -5/94 HPs)
             Began as an Ogre Berserker on Jan 17, 2021.
             Was a High Priest of Trog.
             Slain by a four-headed hydra (6 damage)
             ... in the Dungeon (Sprint VII: "The Pits").
             The game lasted 00:01:54 (354 turns).

rocky1 the Fighter (Ogre Berserker)                  Turns: 354, Time: 00:01:55

Health: -5/94      AC:  3    Str: 22    XL:     5   Next: 26%
Magic:  5/5        EV: 11    Int:  8    God:    Trog [*****.]
Gold:   0          SH:  0    Dex:  8    Spells: 4/4 levels left

rFire    . . .     SeeInvis .   n - +1 morningstar (drain)
rCold    . . .     Faith    .   (no shield)
rNeg     . . .     Spirit   .   b - +0 animal skin
rPois    .         Reflect  .   (helmet restricted)
rElec    .         Harm     .   (no cloak)
rCorr    .         Rampage  .   (gloves unavailable)
Will     .....     NoTele   +   (boots unavailable)
Stlth    ..........             (no amulet)
HPRegen  0.25/turn              (no ring)
MPRegen  0.09/turn              (no ring)

@: berserking, very quick
A: large, unfitting armour, tough skin 1
a: Renounce Religion, Berserk, Trog's Hand, Brothers in Arms


You were in the Dungeon.
You worshipped Trog.
Trog was extremely pleased with you.
You visited 1 branch

Inventory:

Hand Weapons
 a - a +0 mace
 l - a +2 mace
 m - a +1 mace of protection
 n - a +1 morningstar of draining (weapon)
Armour
 b - a +0 animal skin (worn)
Scrolls
 h - a scroll of blinking
 j - 3 scrolls of remove curse
 k - a scroll of summoning
Potions
 c - 6 potions of curing
 d - 6 potions of heal wounds
 e - a potion of haste
 f - 4 potions of magic
 g - 2 potions of berserk rage
 i - 2 potions of invisibility


   Skills:
 * Level 8.1 Fighting
 * Level 5.6 Maces & Flails
 + Level 2.9 Armour
 * Level 5.6 Dodging


You had 4 spell levels left.
You didn't know any spells.
Your spell library was empty.

Dungeon Overview and Level Annotations

Branches:
Dungeon (1/1)

Altars:


Innate Abilities, Weirdness & Mutations

You are too large for most types of armour.
You have tough skin. (AC +1)


Message History

You feel yourself moving faster!
You feel mighty! The four-headed hydra bites you.
The four-headed hydra bites you but does no damage.
The four-headed hydra bites you! The four-headed hydra bites you.
You thump the four-headed hydra!
The four-headed hydra is moderately wounded.
The four-headed hydra barely misses you.
The four-headed hydra bites you.
The four-headed hydra barely misses you.
The four-headed hydra bites you!
* * * LOW HITPOINT WARNING * * *
You bludgeon the four-headed hydra!!
The four-headed hydra is heavily wounded.
The four-headed hydra bites you!
* * * LOW HITPOINT WARNING * * *
The four-headed hydra bites you but does no damage.
The four-headed hydra bites you!
* * * LOW HITPOINT WARNING * * *
The four-headed hydra bites you.
You die...

#.#........##.......#
#)###########.......#
#.......# #########
#.......# #...#...#
#..###..#+#
#...#...#.+
#.......#D#
#.......†@#
###########


You could see a four-headed hydra.

Vanquished Creatures
  Blork the orc (D)
  Terence (D)
  3 adders (D)
  An ooze (D)
  An adder skeleton (D)
  An orc (D)
  2 goblins (D)
  3 jackals (D)
  A jackal zombie (D)
  A leopard gecko zombie (D)
  A quokka zombie (D)
  A rat (D)
17 creatures vanquished.

Notes
Turn   | Place    | Note
-------+----------+-------------------------------------------
     0 | D        | rocky1 the Ogre Berserker began the quest for the Orb.
     0 | D        | Reached XP level 1. HP: 24/24 MP: 1/1
    59 | D        | Reached ** piety under Trog
   134 | D        | Reached skill level 5 in Fighting
   134 | D        | Reached skill level 1 in Armour
   134 | D        | Reached XP level 2. HP: 32/35 MP: 2/2
   168 | D        | Reached *** piety under Trog
   209 | D        | Reached XP level 3. HP: 42/44 MP: 3/3
   274 | D        | Noticed Blork the orc
   275 | D        | Noticed Terence
   286 | D        | Killed Blork the orc
   286 | D        | Reached **** piety under Trog
   287 | D        | Reached skill level 7 in Fighting
   287 | D        | Reached skill level 5 in Maces & Flails
   287 | D        | Reached skill level 5 in Dodging
   287 | D        | Reached XP level 4. HP: 55/55 MP: 4/4
   289 | D        | Killed Terence
   290 | D        | Reached XP level 5. HP: 63/63 MP: 5/5
   303 | D        | Reached ***** piety under Trog
   348 | D        | Reached skill level 8 in Fighting
   350 | D        | Noticed a four-headed hydra
   354 | D        | HP: 1/94 [four-headed hydra (9)]
   354 | D        | Slain by a four-headed hydra

Illustrated notes

Levels and vault maps discovered:
D:        pitsprint [storerooms_1, entrance_room_1, metal_vault_6, armoury_2,
          mini_pit_1, grid_room_1, main_hall_1, silver_pit, the_coven_1,
          the_vestibule_1, steel_vault_3, golden_pit, hallway_of_sentries,
          crystal_vault_2, iron_vault_1, final_vault]

Skill      XL: |  1  2  3  4  5 |
---------------+----------------+-----
Maces & Flails | 3 5 |  5.6
Dodging        | 3 4 5 |  5.6
Fighting       | 5 7 8 |  8.1
Armour         | 1 2 |  2.9

Action                   |  1- 3 |  4- 6 || total
-------------------------+-------+-------++-------
Melee: Mace              |    36 |    15 ||    51
       Morningstar       |       |     5 ||     5
Invok: Trog's Hand       |     1 |       ||     1
       Berserk           |       |     1 ||     1
  Use: Potion            |     1 |       ||     1
Armor: Animal skin       |    12 |     7 ||    19
Dodge: Dodged            |    18 |    10 ||    28

Table legend: (Time is in decaauts)
 A = Elapsed time spent in this place.
 B = Non-inter-level travel time spent in this place.
 C = Inter-level travel time spent in this place.
 D = Time resting spent in this place.
 E = Time spent auto-exploring this place.
 F = Levels seen in this place.
 G = Mean time per level.
                   A        B        C        D        E       F      G
               +--------+--------+--------+--------+--------+-----+--------+
         Total |    371 |    371 |      0 |    141 |      0 |   1 |  371.0 |
       Dungeon |    371 |    371 |      0 |    141 |      0 |   1 |  371.0 |
               +--------+--------+--------+--------+--------+-----+--------+

Top non-repeatable levels by time:
       D: 371 daAuts
